 Dungeon Crawl Stone Soup version 0.30-a0-165-g1891117ce2 (webtiles) character file.

Game seed: 564880296072152736

19 qw the Shield-Bearer (level 2, 0/19 HPs)
             Began as a Gargoyle Fighter on Sept 28, 2022.
             Slain by a gnoll
             ... wielding a +0 halberd
              (5 damage)
             ... on level 2 of the Dungeon.
             The game lasted 00:00:18 (891 turns).

qw the Shield-Bearer (Gargoyle Fighter)              Turns: 891, Time: 00:00:18

Health: 0/19       AC:  9    Str: 25    XL:     2   Next: 75%
Magic:  2/2        EV:  9    Int:  8    God:
Gold:   31         SH:  4    Dex:  9    Spells: 1/1 levels left

rFire   . . .      SeeInvis .    Y - +0 war axe
rCold   . . .      Faith    .    c - +0 buckler
rNeg    + . .      Spirit   .    b - +0 scale mail
rPois   inf        Reflect  .    (no helmet)
rElec   +          Harm     .    (no cloak)
rCorr   .          Rampage  .    (no gloves)
Will    .....                    (no boots)
Stlth   ..........               (no amulet)
HPRegen 0.06/turn                j - +6 ring of strength
MPRegen 0.08/turn                (no ring)

@: flying (expiring)
A: sickness immunity, AC +2, negative energy resistance 1, electricity
resistance, torment resistance 1, petrification resistance
a: no special abilities


You were on level 2 of the Dungeon.
You visited 1 branch of the dungeon, and saw 2 of its levels.

You collected 31 gold pieces.


Innate Abilities, Weirdness & Mutations

You are immune to sickness and miasma.
Your stone body is resilient. (AC +2)
You are immune to poison.
You resist negative energy. (rN+)
You are resistant to electric shocks. (rElec)
You are resistant to unholy torment.
You are immune to petrification.


   Skills:
 - Level 3.2 Fighting
 + Level 2.9 Axes
 - Level 3.2 Armour
 - Level 3.2 Shields


You had one spell level left.
You didn't know any spells.
Your spell library was empty.

Inventory:

Hand Weapons
 f - a +0 club
 Y - a +0 war axe (weapon)
Armour
 b - a +0 scale mail (worn)
 c - a +0 buckler (worn)
Jewellery
 j - a +6 ring of strength (left hand)
Potions
 a - a potion of ambrosia {unknown}
 d - a potion of might
 e - a potion of resistance {unknown}
 h - a potion of mutation {unknown}
 m - a potion of curing {unknown}
 n - a potion of attraction {unknown}

Dungeon Overview and Level Annotations

Branches:
Dungeon (2/15)

Altars:

Shops:
D:1 !


Message History

You kill the frilled lizard!
a - a gluggy clear potion A gnoll comes into view.
It is wielding a +0 halberd.
The gnoll shouts!
You hear a shout!
You hear an angry hiss.
You hear a shout! x2
A gnoll comes into view. It is wielding a +0 whip.
You hear a shout!
Enter note:
880 ||| Stepping ~*~*~tactically~*~*~ (hiding).
You hear a shout!
A dart slug comes into view.
881 ||| Stepping ~*~*~tactically~*~*~ (hiding).
Found a scroll labelled ENUKYU COFUIQ.
You start waiting.
A gnoll is nearby!
The gnoll barely misses you.
You slash the dart slug!
You kill the dart slug!
You block the gnoll's attack. The gnoll closely misses you.
You hit the gnoll but do no damage. The gnoll barely misses you.
The gnoll hits you but does no damage.
You closely miss the gnoll.
You are starting to lose your buoyancy.
The gnoll hits you with a +0 whip. The gnoll closely misses you.
You block the gnoll's attack.
The gnoll hits you from afar with a +0 halberd.
You hit the gnoll.
The gnoll is lightly wounded.
The gnoll hits you but does no damage. You block the gnoll's attack.
You hit the gnoll.
The gnoll is heavily wounded.
The gnoll closely misses you. The gnoll barely misses you.
You closely miss the gnoll.
The gnoll is heavily wounded.
The gnoll closely misses you. The gnoll barely misses you.
The gnoll hits you but does no damage.
The gnoll hits you from afar with a +0 halberd.
You hit the gnoll.
You kill the gnoll!
The gnoll hits you from afar with a +0 halberd.
You die...

...... .?....##.
.......$..
........?#
........w .... .g.^
......##.##
.........)@#
#.......#..##
#.......#...##
#.......##...###
...............##.
#..................
#..................
#..................
#######............


You could see a gnoll.

Vanquished Creatures
  A gnoll (D:2)
  A dart slug (D:2)
  An endoplasm (D:1)
  2 goblins (D:1)
  3 hobgoblins (D:1)
  2 ball pythons (D:1)
  4 frilled lizards
  5 rats (D:1)
19 creatures vanquished.

Notes
Turn   | Place    | Note
-------+----------+-------------------------------------------
     0 | D:1      | qw the Gargoyle Fighter began the quest for the Orb.
     0 | D:1      | Reached XP level 1. HP: 14/14 MP: 1/1
     0 | D:1      | 0 ||| qw: Version: 0.2-a-12-gaebbb33
     0 | D:1      | 0 ||| qw: Game counter: 781
     0 | D:1      | 0 ||| qw: Always use a shield: true
     0 | D:1      | 0 ||| qw: God list: Okawaru
     0 | D:1      | 0 ||| qw: Allow faded altars: false
     0 | D:1      | 0 ||| qw: Do Orc after D:15 true
     0 | D:1      | 0 ||| qw: Do second Lair branch before Depths: true
     0 | D:1      | 0 ||| qw: Lair rune preference: random
     0 | D:1      | 0 ||| qw: Plans: Normal, Zot:1-4, God:TSO, Crypt, Tomb,
                  | Pan, Slime:5, Hells, Abyss, Orb
     0 | D:1      | 0 ||| PLANNING D:1-11
   242 | D:1      | Found Negiebux's Distillery.
   257 | D:1      | 257 ||| SHOPLISTING 2 potions of lignification (72 gold,
                  | have 25).
   257 | D:1      | 257 ||| SHOPLISTING potion of cancellation (96 gold, have
                  | 25).
   257 | D:1      | 257 ||| SHOPLISTING potion of curing (36 gold, have 25).
   257 | D:1      | 257 ||| SHOPLISTING potion of lignification (36 gold, have
                  | 25).
   257 | D:1      | 257 ||| SHOPLISTING potion of mutation (96 gold, have 25).
   339 | D:1      | Reached XP level 2. HP: 19/19 MP: 2/2
   736 | D:1      | 736 ||| UPGRADING to +6 ring of strength.
   737 | D:1      | 737 ||| READING 2 scrolls labelled PENUWIL CACO.
   738 | D:1      | 738 ||| READING scroll labelled GECLOH NUIRA.
   739 | D:1      | 739 ||| DRINKING 2 smoky emerald potions.
   844 | D:1      | 844 ||| DRINKING 2 smoky black potions.
   845 | D:1      | 845 ||| DROPPING scroll of immolation.
   846 | D:1      | 846 ||| DROPPING potion of berserk rage.
   847 | D:1      | 847 ||| DROPPING potion of flight.
   858 | D:2      | 858 ||| STAIRDANCE
   880 | D:2      | 880 ||| Stepping ~*~*~tactically~*~*~ (hiding).
   881 | D:2      | 881 ||| Stepping ~*~*~tactically~*~*~ (hiding).
   891 | D:2      | Slain by a gnoll

Levels and vault maps discovered:
D:1:      mushboom_english_gardens, layout_loops_cross, serial_shops, shop,
          minmay_fountain_box
D:2:      layout_rooms, basic_ecumenical_altar, uniq_robin

Skill      XL: |  1 |
---------------+----+-----
Axes           | 2 |  2.9
Fighting       | |  3.2
Armour         | |  3.2
Shields        | |  3.2

Action                   || total
-------------------------++-------
Melee: War axe           ||    48
  Use: Scroll            ||     2
       Potion            ||     2
Armor: Scale mail        ||    18
Dodge: Dodged            ||    22
Block: Buckler           ||     9

Table legend:
 A = Non-vault XP
 B = Vault XP
 C = Vault XP percentage of total XP
 D = Non-vault monster count
 E = Vault monster count
 F = Vault count percentage of total count
                 A         B        C        D         E       F
            +---------+---------+-------+---------+---------+-------
      Total |      42 |       0 |   0.0 |      19 |       0 |   0.0
            +---------+---------+-------+---------+---------+-------
        D:1 |      23 |       0 |   0.0 |      16 |       0 |   0.0
        D:2 |      19 |       0 |   0.0 |       3 |       0 |   0.0
            +---------+---------+-------+---------+---------+-------
